 Dungeon Crawl Stone Soup version 0.29-a0-9-g022ca4c890 (webtiles) character file.

Game seed: 85837373787181806

111 dolemite99 the Cudgeller (level 4, -6/29 HPs)
             Began as a Gargoyle Chaos Knight on Jan 28, 2022.
             Was a Plaything of Xom.
             Mangled by an orc (8 damage)
             ... on level 3 of the Dungeon.
             The game lasted 00:03:17 (2142 turns).

dolemite99 the Cudgeller (Gargoyle Chaos Knight)    Turns: 2142, Time: 00:03:18

Health: -6/29      AC:  8    Str: 14 (15) XL:     4   Next: 92%
Magic:  4/4        EV: 10    Int: 11 (13) God:    Xom [....*.]
Gold:   94         SH:  7    Dex:  9      Spells: 3/3 levels left

rFire   . . .      SeeInvis .   a - +0 mace (chaos)
rCold   . . .      Faith    .   p - +0 buckler
rNeg    + . .      Spirit   .   b - +2 leather armour
rPois   ∞          Reflect  +   (helmet restricted)
rElec   +          Harm     .   o - +0 cloak
rCorr   .          Rampage  .   (no gloves)
Will    .....                   (no boots)
Stlth   +.........              g - amulet of reflection
HPRegen 0.09/turn               (no ring)
MPRegen 0.09/turn               (no ring)

@: studying Throwing
A: sickness immunity, AC +3, negative energy resistance 1, electricity
resistance, torment resistance 1, petrification resistance, horns 1, clumsy 1,
deformed body, deterioration 1
a: Renounce Religion


You were on level 3 of the Dungeon.
You worshipped Xom.
You were a beloved toy of Xom.
You visited 1 branch of the dungeon, and saw 3 of its levels.

You collected 94 gold pieces.

Inventory:

Hand Weapons
 a - a +0 mace of chaos (weapon)
 j - a +0 hunting sling
Missiles
 c - 17 sling bullets
 f - 47 stones
 m - 4 poisoned darts (quivered)
Armour
 b - a +2 leather armour (worn)
 o - a +0 cloak (worn)
 p - a +0 buckler (worn)
Jewellery
 g - an amulet of reflection (around neck)
Scrolls
 d - 2 scrolls of immolation
 e - a scroll of magic mapping
 h - a scroll of vulnerability
 k - a scroll of teleportation
Potions
 l - a potion of flight {unknown}
 n - a potion of ambrosia


   Skills:
 - Level 3.8 Fighting
 - Level 4.0 Maces & Flails
 + Level 3.9 Throwing
 - Level 2.1 Armour
 - Level 0.7 Dodging


You had 3 spell levels left.
You didn't know any spells.
Your spell library contained the following spells:

 Spells                   Type           Power      Damage    Failure   Level
 Confusing Touch          Hex            0%         N/A       88%         3
 Yara's Violent Unravell  Hex/Tmut       0%         3d3       100%        5
 Enfeeble                 Hex            0%         N/A       100%        7


Dungeon Overview and Level Annotations

Branches:
Dungeon (3/15)

Altars:
Gozag

Shops:
D:3 (

Annotations:
D:3 3 runed translucent doors, Cecur's ghost, amateur MiMo


Innate Abilities, Weirdness & Mutations

You are immune to sickness and miasma.
Your stone body is resilient. (AC +3)
You are immune to poison.
You resist negative energy. (rN+)
You are resistant to electric shocks. (rElec)
You are resistant to unholy torment.
You are immune to petrification.
You have a pair of small horns on your head.
You are clumsy. (Dex -2)
Armour fits poorly on your strangely shaped body.
Your body sometimes deteriorates upon taking damage.


Message History

You swap places.
Your butterfly disappears in a puff of smoke!
Something misses your butterfly.
Okay, then.
Your butterfly disappears in a puff of smoke!
Found a stone staircase leading up.
Something hits your butterfly.
Your butterfly dies!
Your butterfly disappears in a puff of smoke!
Something completely misses your butterfly.
The orc barely misses you. The orc barely misses you.
You closely miss the orc. You block the orc's attack.
The orc hits you with a +0 flail. You block the orc's attack.
The orc barely misses you.
You hit the orc. You freeze the orc. Your headbutt misses the orc.
The orc is heavily wounded.
Your butterfly degenerates into a cloud of primal chaos!
The orc hits you with a +0 flail.
* * * LOW HITPOINT WARNING * * *
Your body deteriorates!
You feel dopey. The orc barely misses you. The orc closely misses you.
The orc hits you with a +0 flail.
* * * LOW HITPOINT WARNING * * *
You hit the orc.
The orc is poisoned.
The orc is almost dead.
Your butterfly disappears in a puff of smoke!
The orc barely misses you. You block the orc's attack.
The orc hits you but does no damage.
You hit the orc but do no damage. You headbutt the orc.
You kill the orc!
The orc hits you but does no damage. The orc hits you with a +0 flail.
* * * LOW HITPOINT WARNING * * *
You hit the orc. You freeze the orc.
You kill the orc!
The orc hits you but does no damage.
You hit the orc.
The orc is lightly wounded.
The orc hits you but does no damage. The orc hits you with a +0 flail!
You die...

.)...#....# ##.###....
.......##..# # #....
#..#...# #.# ##### .......
......## ##...# # #...###.
....### ....####.. ........
..### ...#..< ........ ####
....# .. ....> ...##
#####).#######.. .....
.#..#### ###...)@##........
#####
.##....###...###o...#######
#.####..b.o### #.####
####....b..).##..#
.#.#.#######o..... 8#†#.###
#....# .#..bb.# ####..
##.....# ### #......#


You could see an orc.

Vanquished Creatures
  Terence (D:2)
  An adder (D:2)
  2 worms (D:2)
  2 dart slugs (D:1)
  5 orcs (D:3)
  5 ball pythons
  4 bats
  9 endoplasms
  2 giant cockroaches
  6 hobgoblins
  5 jackals (D:1)
  4 quokkas
  4 goblins
  4 kobolds
  A rat (D:1)
55 creatures vanquished.

Notes
Turn   | Place    | Note
-------+----------+-------------------------------------------
     0 | D:1      | dolemite99 the Gargoyle Chaos Knight began the quest for
                  | the Orb.
     0 | D:1      | Reached XP level 1. HP: 14/14 MP: 1/1
    67 | D:1      | Found a faded altar of an unknown god.
   137 | D:1      | XOM: divination: detect creatures
   139 | D:1      | XOM: silly message
   373 | D:1      | Reached XP level 2. HP: 19/19 MP: 2/2
   582 | D:1      | XOM: 7-stop teleportation journey
   620 | D:1      | Reached XP level 3. HP: 14/24 MP: 3/3
  1030 | D:2      | XOM: confuse monster(s)
  1032 | D:2      | Reached skill level 4 in Maces & Flails
  1087 | D:2      | Identified a scroll of acquirement
  1087 | D:2      | Acquired a manual of Throwing
  1201 | D:2      | Reached skill level 1 in Throwing
  1255 | D:2      | You fall into a shaft and drop 1 floor!
  1270 | D:3      | Reached XP level 4. HP: 23/29 MP: 4/4
  1440 | D:2      | Noticed Terence
  1446 | D:2      | XOM: enchant monster (good)
  1457 | D:2      | Your ally Terence died
  1795 | D:2      | XOM: give mutations
  1795 | D:2      | Gained mutation: Armour fits poorly on your strangely
                  | shaped body. [Xom's mischief]
  1795 | D:2      | Gained mutation: Your body sometimes deteriorates upon
                  | taking damage. [Xom's mischief]
  1795 | D:2      | Gained mutation: You have a pair of small horns on your
                  | head. [Xom's mischief]
  1795 | D:2      | Gained mutation: You are clumsy. (Dex -2) [Xom's mischief]
  1989 | D:3      | Found Urghoiv's Antique Weapon Shoppe.
  2060 | D:3      | Found a runed translucent gate.
  2075 | D:3      | Found a runed translucent gate.
  2076 | D:3      | Found a runed translucent gate.
  2076 | D:3      | Found an opulent altar of Gozag.
  2079 | D:3      | Noticed a scorpion
  2079 | D:3      | Noticed Cecur's ghost (amateur MiMo)
  2107 | D:3      | XOM: scenery: summon butterflies
  2142 | D:3      | Mangled by an orc

Illustrated notes

Levels and vault maps discovered:
D:1:      dpeg_arrival_rooms_a, layout_rooms,
          hellmonk_ecumenical_altar_dog_temple, minmay_pentomino_p2
D:2:      layout_rooms, uniq_terence
D:3:      layout_rooms, ebering_ghost_gozag, serial_shops, shop,
          hangedman_abyss_or_decor_lesser_grid, minmay_misc_feat_plants,
          hangedman_decor_push

Skill      XL: |  1  2  3  4 |
---------------+-------------+-----
Maces & Flails | 4 |  4.0
Throwing       | 2 3 |  3.9
Fighting       | |  3.8
Armour         | |  2.1
Dodging        | |  0.7

Action                   |  1- 3 |  4- 6 || total
-------------------------+-------+-------++-------
Melee: Mace              |    94 |    45 ||   139
       Punch             |     1 |       ||     1
       Headbutt          |       |     2 ||     2
Throw: Stone             |    58 |    19 ||    77
       Dart              |       |    11 ||    11
  Use: Scroll            |     5 |     2 ||     7
 Stab: Paralysed         |     1 |       ||     1
Armor: Leather armour    |    71 |    13 ||    84
Dodge: Dodged            |    73 |    23 ||    96
Block: Buckler           |       |     8 ||     8

Table legend: (Time is in decaauts)
 A = Elapsed time spent in this place.
 B = Non-inter-level travel time spent in this place.
 C = Inter-level travel time spent in this place.
 D = Time resting spent in this place.
 E = Time spent auto-exploring this place.
 F = Levels seen in this place.
 G = Mean time per level.
                   A        B        C        D        E       F      G
               +--------+--------+--------+--------+--------+-----+--------+
         Total |   2178 |   2108 |     70 |      0 |   1605 |   3 |  726.0 |
       Dungeon |   2178 |   2108 |     70 |      0 |   1605 |   3 |  726.0 |
               +--------+--------+--------+--------+--------+-----+--------+

Top non-repeatable levels by time:
     D:1: 989 daAuts
     D:2: 721 daAuts
     D:3: 466 daAuts
